 Dungeon Crawl Stone Soup version 0.19-a0-805-g0a78ef0 (webtiles) character file.

888 hypermopl the Covert (level 8, -1/50 HPs)
             Began as an Octopode Artificer on June 27, 2016.
             Was a Follower of Dithmenos.
             Killed from afar by an orc wizard (5 damage)
             ... with a magic dart
             ... on level 5 of the Dungeon.
             The game lasted 00:12:17 (5934 turns).

hypermopl the Covert (Octopode Artificer)           Turns: 5934, Time: 00:12:18

Health: -1/50      AC:  1    Str: 12    XL:     8   Next: 6%
Magic:  10/10      EV: 13    Int: 13    God:    Dithmenos [*.....]
Gold:   209        SH:  0    Dex: 14    Spells: 0 memorised, 7 levels left

rFire  . . .     SeeInvis .     a - +0 short sword
rCold  + . .     Gourm    .     (no shield)
rNeg   . . .     Faith    .     (helmet restricted)
rPois  .         Spirit   .     (no amulet)
rElec  .         Dismiss  .     e - ring of sustain attributes
rCorr  .         Reflect  .     d - ring of protection from cold
SustAt +         Harm     .     z - ring of flight
MR     .....                    (no ring)
Stlth  +++++++...               (no ring)
                                (no ring)
                                (no ring)
                                (no ring)

@: wreathed by umbra, not resistant to hostile enchantments, extremely stealthy
A: almost no armour, amphibious, 8 rings, constrict 8, camouflage 1, gelatinous
body 1
a: Renounce Religion, Evoke Flight


You were on level 5 of the Dungeon.
You worshipped Dithmenos.
Dithmenos was aware of your devotion.
You were not hungry.

You visited 1 branch of the dungeon, and saw 8 of its levels.

You collected 209 gold pieces.

Inventory:

Hand Weapons
 a - a +0 short sword (weapon)
 w - a +0 falchion
Missiles
 t - 7 poisoned needles
 v - 2 curare-tipped needles
 x - 65 stones (quivered)
Jewellery
 d - a ring of protection from cold (right tentacle)
 e - a ring of sustain attributes (left tentacle)
 z - a ring of flight (on tentacle)
Wands
 c - a wand of enslavement (7/24)
Scrolls
 h - a scroll of amnesia {unknown}
 j - 2 scrolls of fear {unknown}
 k - 3 scrolls of enchant weapon {unknown}
 o - a scroll of enchant armour {unknown}
 r - 3 scrolls of remove curse {unknown}
 u - 2 scrolls of magic mapping {unknown}
 y - a scroll of identify
 A - a scroll of acquirement {unknown}
Potions
 g - 2 potions of agility
 l - a potion of ambrosia
 q - 2 potions of flight
Comestibles
 b - 2 slices of pizza
 f - 4 bread rations
 i - 2 beef jerkies
 p - 5 meat rations


   Skills:
 + Level 1.9 Fighting
 - Level 4.2(4.5) Short Blades
 * Level 2.2(3.5) Long Blades
 + Level 2.4 Dodging
 * Level 9.6 Stealth
 - Level 3.7 Evocations


You had 7 spell levels left.
You didn't know any spells.

Dungeon Overview and Level Annotations

Branches:
Dungeon (8/15)
 Temple: D:4-7         Lair: D:8-11

Altars:
Dithmenos
Gozag
Makhleb
Okawaru
Sif Muna
Vehumet

Annotations:
D:3 dig
D:4 Pikel; Shenda's ghost, amateur DrAK
D:5 exclusion: upstairs


Innate Abilities, Weirdness & Mutations

You cannot wear most types of armour.
You are amphibious.
You can wear up to eight rings at the same time.
You can use your tentacles to constrict eight enemies at once.
Your skin changes colour to match your surroundings (Stealth+).
Your rubbery body absorbs attacks. (AC +1)


Message History

* * * LOW HITPOINT WARNING * * *
Unknown command.
Press: ? - help, v - describe, . - travel
Here: Shenda's ghost The floor.
Unknown command.
You feel better. Something hits you.
* * * LOW HITPOINT WARNING * * *
The orc wizard casts a spell.
The orc wizard blinks!
There is a stone staircase leading down here.
Something hits you.
* * * LOW HITPOINT WARNING * * *
You climb downwards.
Level annotation: exclusion: upstairs
There is a stone staircase leading up here.
A magic dart appears from out of thin air!
The magic dart hits you!
You die...

#...#.##..# #.......#.#
##.#.#.#..# #.###.###.#
##..###...######.###.....#
##.## ##............######
....###...######.##.#
####.#.#### #.##.# # ##.##
#.##.# # ### #<#..# ##
#@#.## .# ########.#.# .#
#...<....#.# .#
#.########.# .# #.# #.# .#
#.# #h# .# ######.# #.#
.###......########.#
..........[........#


There were no monsters in sight!

Vanquished Creatures
  A centaur (D:5)
  An ogre (D:5)
  2 scorpions
  A killer bee (D:6)
  3 howler monkeys (D:5)
  A vampire bat (D:5)
  3 crimson imps (D:5)
  A hound (D:5)
  An orc priest (D:4)
  An iguana (D:7)
  2 worker ants
  A killer bee zombie (D:7)
  A hound zombie (D:6)
  A howler monkey zombie (D:7)
  5 adders
  An ooze (D:1)
  A dart slug (D:2)
  6 giant geckos
  6 orcs
  12 bats
  5 giant cockroaches
  3 goblins
  6 hobgoblins
  2 jackals (D:3)
  6 kobolds
  A ball python (D:3)
  4 giant newts
  7 rats
85 creatures vanquished.

Vanquished Creatures (collateral kills)
  A howler monkey (D:7)
  A shadow imp (D:7)
  An adder skeleton (D:7)
3 creatures vanquished.

Grand Total: 88 creatures vanquished

Notes
Turn   | Place    | Note
--------------------------------------------------------------
     0 | D:1      | hypermopl the Octopode Artificer began the quest for the Orb.
     0 | D:1      | Reached XP level 1. HP: 13/13 MP: 3/3
   247 | D:1      | Reached skill level 2 in Stealth
   247 | D:1      | Reached XP level 2. HP: 18/18 MP: 4/4
   554 | D:1      | Reached skill level 3 in Stealth
   645 | D:1      | Reached XP level 3. HP: 18/23 MP: 5/5
   973 | D:1      | Reached skill level 2 in Short Blades
  2329 | D:3      | Found a burning altar of Makhleb.
  2332 | D:3      | Reached XP level 4. HP: 28/28 MP: 6/6
  2337 | D:3      | Reached skill level 4 in Stealth
  2414 | D:3      | Found a shadowy altar of Dithmenos.
  2422 | D:3      | Became a worshipper of Dithmenos the Shadowed
  2829 | D:4      | Found a deep blue altar of Sif Muna.
  2829 | D:4      | Found an opulent altar of Gozag.
  2895 | D:4      | Noticed a slave
  2950 | D:4      | Noticed Pikel
  2950 | D:4      | Noticed a slave
  3148 | D:4      | Found a radiant altar of Vehumet.
  3178 | D:5      | Entered Level 5 of the Dungeon
  3255 | D:5      | Reached skill level 5 in Stealth
  3255 | D:5      | Reached XP level 5. HP: 28/33 MP: 7/7
  3382 | D:5      | Reached skill level 3 in Short Blades
  3390 | D:5      | Reached skill level 6 in Stealth
  3617 | D:5      | Reached XP level 6. HP: 38/38 MP: 8/8
  3647 | D:5      | Reached skill level 7 in Stealth
  3754 | D:5      | Found an iron altar of Okawaru.
  4131 | D:4      | Noticed Shenda's ghost (amateur DrAK)
  4232 | D:5      | Reached skill level 4 in Short Blades
  4232 | D:5      | Reached skill level 8 in Stealth
  4232 | D:5      | Reached XP level 7. HP: 43/43 MP: 9/9
  4438 | D:6      | Reached skill level 1 in Long Blades
  4900 | D:7      | Reached skill level 9 in Stealth
  5623 | D:5      | Reached skill level 2 in Long Blades
  5623 | D:5      | Reached XP level 8. HP: 14/49 MP: 10/10
  5915 | D:4      | Reached * piety under Dithmenos
  5925 | D:4      | HP: 2/50 [something/magic dart (7)]
  5934 | D:5      | Killed from afar by an orc wizard

Vault maps used:
D:1:      lightli_arrival_flooded_house, minivault_23
D:2:      minmay_wonky_spiral
D:3:      overflow_temple_1_default, old_standard_altar, first_bread,
          item_on_display_a
D:4:      gammafunk_temple_overflow_elements, vehumet_crystals, uniq_pikel
D:5:      grunt_ministairs_3, roderic_batcave, okawaru_gym_becter
D:6:      serial_shops, nicolae_shop_waterfront
D:8:      kennysheep_mini_moat, nicolae_overflow_crystal_walls, serial_ice,
          serial_ice_c, serial_ice_o, serial_ice_f, serial_ice_j, serial_ice_a,
          serial_ice_e, uniq_erolcha

Skill      XL: |  1  2  3  4  5  6  7 |
---------------+----------------------+-----
Stealth        | 2 3 5 6 8 9 |  9.6
Short Blades   | 2 3 4 |  4.2
Long Blades    | 2 |  2.2
Fighting       | |  1.9
Dodging        | |  2.4
Evocations     | |  3.7

Action                   |  1- 3 |  4- 6 |  7- 9 || total
-------------------------+-------+-------+-------++-------
Melee: Short sword       |    74 |    78 |    78 ||   230
       Constrict         |    16 |    16 |    12 ||    44
       Tentacles         |    10 |    16 |    21 ||    47
Throw: Stone             |       |       |     3 ||     3
Evoke: Wand              |     7 |       |     5 ||    12
  Use: Scroll            |     3 |     5 |       ||     8
       Potion            |       |     1 |     5 ||     6
 Stab: Sleeping          |     9 |     8 |     3 ||    20
       Distracted        |     1 |       |       ||     1
  Eat: Chunk             |     4 |     6 |     6 ||    16
Armor: Skin              |    12 |    10 |     2 ||    24
Dodge: Dodged            |    53 |    53 |    61 ||   167
